 Dungeon Sprint DCSS version 0.31-a0-841-g038b102fc3 (webtiles) character file.

Game seed: 9245391857433841870

1553 sircluck the Grappler (level 8, -3/93 HPs)
             Began as a Troll Berserker on Sept 27, 2023.
             Was a High Priest of Trog.
             Slain by a vampire mosquito (5 damage)
             ... in the Dungeon (Sprint IX: "|||||||||||||||||||||||||||||").
             The game lasted 00:00:27 (203 turns).

sircluck the Grappler (Troll Berserker)              Turns: 203, Time: 00:00:27

Health: -3/93      AC:  4    Str: 28    XL:     8   Next: 57%
Magic:  7/7        EV: 12    Int:  3    God:    Trog [*****.]
Gold:   0          SH:  0    Dex:  9    Spells: 7/7 levels left

rFire   . .          .
                       - Unarmed
rCold   . . .        (no shield)
rNeg    . . .        a - +0 animal skin
rPois   .            (helmet restricted)
rElec   .            (no cloak)
rCorr   .            (gloves unavailable)
SInv    .            (boots unavailable)
Will    .....        (no amulet)
Stlth   +            (no ring)
HPRegen 1.15/turn    (no ring)
MPRegen 0.10/turn

%: no teleportation
@: no status effects
A: large, unfitting armour, claws 3, regeneration 1, shaggy fur 1, tough skin 1
a: Renounce Religion, Berserk, Trog's Hand, Brothers in Arms


You were in the Dungeon.
You worshipped Trog.
Trog was extremely pleased with you.
You visited 1 branch

Inventory:

Armour
 a - a +0 animal skin (worn)
 l - a +0 troll leather armour
Jewellery
 j - a +3 ring of strength
 k - a +3 ring of strength
Wands
 i - a wand of iceblast (10)
Scrolls
 g - 2 scrolls of blinking
Potions
 b - 5 potions of curing
 c - 3 potions of heal wounds
 d - a potion of haste
 e - 4 potions of magic
 f - a potion of berserk rage
 h - a potion of invisibility


   Skills:
 + Level 9.7 Fighting
 + Level 2.6 Armour
 + Level 9.6 Dodging
 + Level 11.4 Unarmed Combat


You had 7 spell levels left.
You didn't know any spells.
Your spell library was empty.

Dungeon Overview and Level Annotations

Branches:
Dungeon (1/1)

Altars:
Cheibriados
Dithmenos
Elyvilon
Fedhas
Gozag
Hepliaklqana
Kikubaaqudgha
Makhleb
Nemelex Xobeh
Okawaru
Qazlal
Ru
Sif Muna
Trog
Uskayaw
Vehumet
Wu Jian
Xom
Yredelemnul
Zin
The Shining One
Jiyva
Lugonu


Innate Abilities, Weirdness & Mutations

You are too large for most types of armour.
You have claws for hands.
Your natural rate of healing is unusually fast.
You are covered in fur. (AC +1)
You have tough skin. (AC +1)


Message History

The centaur warrior kicks you.
You scratch the centaur warrior but do no damage.
The centaur warrior hits you! The centaur warrior kicks you.
You are too injured to fight recklessly!
You are too injured to fight recklessly!
You are too injured to fight recklessly!
Unknown command.
You are too injured to fight recklessly!
You scratch the centaur warrior but do no damage.
The centaur warrior hits you. The centaur warrior kicks you.
You claw the centaur warrior!
The centaur warrior is moderately wounded.
The centaur warrior hits you!
The centaur warrior kicks you but does no damage.
You mangle the centaur warrior!!
The centaur warrior is severely wounded.
The centaur warrior hits you!
* * * LOW HITPOINT WARNING * * *
The centaur warrior kicks you but does no damage.
The centaur warrior hits you!
* * * LOW HITPOINT WARNING * * *
The centaur warrior kicks you but does no damage.
You barely miss the centaur warrior.
The centaur warrior is severely wounded.
The centaur warrior hits you.
* * * LOW HITPOINT WARNING * * *
The centaur warrior kicks you but does no damage.
You barely miss the centaur warrior.
The centaur warrior is severely wounded.
The centaur warrior hits you.
* * * LOW HITPOINT WARNING * * *
The centaur warrior kicks you.
* * * LOW HITPOINT WARNING * * *
Unknown command.
Unknown command.
You mangle the centaur warrior!!
You kill the centaur warrior!
Trog accepts your kill. The vampire mosquito bites you.
You die...

▓.▓
▓)▓
▓.▓
▓.▓
▓.▓
▓.▓
▓.▓
▓.▓
▓@▓
▓y▓
▓.▓
▓O▓
▓O▓
▓y▓
▓.▓
▓+▓


You could see 2 two-headed ogres and 2 vampire mosquitoes.

Vanquished Creatures
  A centaur warrior (D)
  An ugly thing (D)
  2 trolls (D)
  A wyvern (D)
  2 yaks (D)
  A black bear (D)
  An ice beast (D)
  A scorpion (D)
  A hound (D)
  An orc wizard (D)
  A worm (D)
  A hobgoblin (D)
  A quokka (D)
  2 kobolds (D)
  A rat (D)
18 creatures vanquished.

Notes
Turn   | Place    | Note
-------+----------+-------------------------------------------
     0 | D        | sircluck the Troll Berserker began the quest for the Orb.
     0 | D        | Reached XP level 1. HP: 22/22 MP: 0/0
     8 | D        | Reached ** piety under Trog
    20 | D        | Noticed a hound
    20 | D        | Noticed an ice beast
    20 | D        | Noticed a black bear
    20 | D        | Noticed a scorpion
    25 | D        | Killed a hound
    26 | D        | Reached skill level 4 in Unarmed Combat
    26 | D        | Reached XP level 2. HP: 32/32 MP: 1/1
    26 | D        | Reached XP level 3. HP: 39/39 MP: 2/2
    31 | D        | Killed an ice beast
    31 | D        | Reached *** piety under Trog
    32 | D        | Reached skill level 5 in Fighting
    32 | D        | Reached skill level 5 in Dodging
    32 | D        | Reached skill level 6 in Unarmed Combat
    32 | D        | Reached XP level 4. HP: 43/50 MP: 3/3
    33 | D        | Killed a black bear
    34 | D        | Reached skill level 7 in Unarmed Combat
    34 | D        | Reached XP level 5. HP: 51/59 MP: 4/4
    39 | D        | Reached XP level 6. HP: 64/68 MP: 5/5
    51 | D        | Found a snail-covered altar of Cheibriados.
    51 | D        | Found a shadowy altar of Dithmenos.
    51 | D        | Found a white marble altar of Elyvilon.
    51 | D        | Found a blossoming altar of Fedhas.
    51 | D        | Found an opulent altar of Gozag.
    52 | D        | Found a hazy altar of Hepliaklqana.
    53 | D        | Found a viscous altar of Jiyva.
    54 | D        | Found an ancient bone altar of Kikubaaqudgha.
    55 | D        | Found a corrupted altar of Lugonu.
    56 | D        | Found a burning altar of Makhleb.
    57 | D        | Found a sparkling altar of Nemelex Xobeh.
    58 | D        | Found an iron altar of Okawaru.
    59 | D        | Found a stormy altar of Qazlal.
    60 | D        | Found a sacrificial altar of Ru.
    61 | D        | Found a shimmering blue altar of Sif Muna.
    62 | D        | Found a bloodstained altar of Trog.
    63 | D        | Found a hide-covered altar of Uskayaw.
    64 | D        | Found a radiant altar of Vehumet.
    65 | D        | Found an ornate altar of the Wu Jian Council.
    66 | D        | Found a shimmering altar of Xom.
    67 | D        | Found a basalt altar of Yredelemnul.
    68 | D        | Found a glowing silver altar of Zin.
    69 | D        | Found a glowing golden altar of the Shining One.
    93 | D        | Noticed a yak
    93 | D        | Noticed a troll
    93 | D        | Noticed a wyvern
    93 | D        | Noticed a troll
    93 | D        | Noticed a yak
   100 | D        | Killed a yak
   100 | D        | Reached **** piety under Trog
   101 | D        | Reached skill level 8 in Unarmed Combat
   104 | D        | Killed a troll
   105 | D        | Reached skill level 9 in Unarmed Combat
   105 | D        | Reached XP level 7. HP: 45/80 MP: 6/6
   109 | D        | Killed a wyvern
   110 | D        | Reached skill level 10 in Unarmed Combat
   112 | D        | Killed a troll
   117 | D        | Killed a yak
   117 | D        | Reached ***** piety under Trog
   118 | D        | Reached XP level 8. HP: 21/92 MP: 7/7
   186 | D        | Noticed a purple ugly thing
   186 | D        | Noticed a centaur warrior
   186 | D        | Noticed a two-headed ogre
   186 | D        | Noticed a two-headed ogre
   194 | D        | Killed a purple ugly thing
   195 | D        | Reached skill level 11 in Unarmed Combat
   202 | D        | HP: 2/93 [centaur warrior (3)]
   203 | D        | Killed a centaur warrior
   203 | D        | Slain by a vampire mosquito

Illustrated notes

Levels and vault maps discovered:
D:        linesprint [early_d, line_temple, items_1, d_10, items_2, lair_1,
          lair_end, items_3, orc_1, orc_end, items_4, d_15, swamp_1, shoals_1,
          snake_1, spider_1, d_20, vaults_1, items_5, swamp_end, shoals_end,
          snake_end, spider_end, vaults_end, d_27, items_6, zot_1, zot_end,
          crypt_end, forest_end, elf_end, slime_end, tomb_end, abyss_end,
          pan_hell_end]

Skill      XL: |  1  2  3  4  5  6  7  8 |
---------------+-------------------------+-----
Fighting       | 3 5 6 8 9 |  9.7
Dodging        | 3 5 6 8 9 |  9.6
Unarmed Combat | 4 6 7 9 10 11 | 11.4
Armour         | 2 |  2.6

Action                     |  1- 3 |  4- 6 |  7- 9 || total
---------------------------+-------+-------+-------++-------
  Melee: Unarmed           |    20 |    20 |    32 ||    72
         Punch             |     1 |     1 |     3 ||     5
 Armour: Animal skin       |     8 |    13 |    33 ||    54
  Dodge: Dodged            |     7 |     6 |    10 ||    23

Table legend: (Time is in decaauts)
 A = Elapsed time spent in this place.
 B = Non-inter-level travel time spent in this place.
 C = Inter-level travel time spent in this place.
 D = Time resting spent in this place.
 E = Time spent auto-exploring this place.
 F = Levels seen in this place.
 G = Mean time per level.
                   A        B        C        D        E       F      G
               +--------+--------+--------+--------+--------+-----+--------+
         Total |    192 |    192 |      0 |      0 |     99 |   1 |  192.0 |
       Dungeon |    192 |    192 |      0 |      0 |     99 |   1 |  192.0 |
               +--------+--------+--------+--------+--------+-----+--------+

Top non-repeatable levels by time:
       D: 192 daAuts
